 Dungeon Crawl Stone Soup version 0.31-a0-325-g067879e3d3 (webtiles) character file.

Game seed: 15880461372710593267

97 cforsyth the Changeling (level 4, -3/34 HPs)
             Began as a Vampire Shapeshifter on July 18, 2023.
             Slain by a gnoll
             ... wielding a +0 whip
              (6 damage)
             ... on level 3 of the Dungeon.
             The game lasted 00:02:21 (1916 turns).

cforsyth the Changeling (Vampire Shapeshifter)      Turns: 1916, Time: 00:02:21

Health: -3/34      AC:  2    Str: 16    XL:     4   Next: 42%
Magic:  4/4        EV: 13    Int: 16    God:
Gold:   65         SH:  0    Dex: 14    Spells: 3/3 levels left

rFire   . .          .
                       - Unarmed
rCold   . . .        (no shield)
rNeg    . . .        a - +0 animal skin
rPois   .            (helmet currently unavailable)
rElec   .            (cloak currently unavailable)
rCorr   .            (gloves currently unavailable)
SInv    +            (boots currently unavailable)
Will    .....        (no amulet)
Stlth   +            e - +6 ring of intelligence
HPRegen 0.45/turn    i - ring of flight
MPRegen 0.09/turn

%: no passive effects
@: beast-form, flying, healing quickly
A: beast (slay +2), alive, fangs 3, see invisible, vampiric 2
a: Exsanguinate, Begin Untransformation


You were on level 3 of the Dungeon.
You were a hulking beast.
You visited 1 branch of the dungeon, and saw 3 of its levels.

You collected 65 gold pieces.

Inventory:

Armour
 a - a +0 animal skin (worn)
 j - a +1 pair of boots of flying
Jewellery
 e - a +6 ring of intelligence (left hand)
 f - a ring of wizardry
 i - a ring of flight (right hand)
Talismans
 c - a beast talisman
Scrolls
 d - 2 scrolls of amnesia {unknown}
 h - a scroll of silence {unknown}
 k - 2 scrolls of enchant armour {unknown}
 n - a scroll of teleportation {unknown}
Potions
 b - a potion of lignification
 g - a potion of attraction {unknown}
 l - a potion of heal wounds {unknown}
 m - 2 potions of curing {unknown}


   Skills:
 + Level 2.5 Fighting
 + Level 3.2 Dodging
 + Level 3.2 Unarmed Combat
 + Level 3.8 Shapeshifting


You had 3 spell levels left.
You didn't know any spells.
Your spell library was empty.

Dungeon Overview and Level Annotations

Branches:
Dungeon (3/15)

Altars:

Shops:
D:1 *   D:3 (


Innate Abilities, Weirdness & Mutations

You are a hulking beast.
Your limbs bulge with bestial killing power. (Slay +2)
Your natural rate of healing is accelerated.
You have razor-sharp teeth.
You have supernaturally acute eyesight. (SInv)
You are afflicted with vampirism and can become a bat while bloodless.


Message History

You closely miss the gnoll.
The gnoll is lightly wounded.
The gnoll barely misses you.
You closely miss the gnoll.
The gnoll is lightly wounded.
The gnoll barely misses you. The gnoll hits you with a +0 club.
There are monsters nearby!
You hit the gnoll.
The gnoll is heavily wounded.
The gnoll closely misses you. The gnoll hits you with a +0 club.
You hit the gnoll.
The gnoll is almost dead.
The gnoll hits you with a +0 club. The gnoll closely misses you.
You hit the gnoll.
You kill the gnoll!
The gnoll barely misses you. The gnoll attacks as you move away!
The gnoll closely misses you. The gnoll attacks as you move away!
The gnoll hits you with a +0 club.
You barely miss the gnoll. You closely miss the gnoll. You bite the gnoll.
The gnoll is lightly wounded.
The gnoll hits you with a +0 club!
* * * LOW HITPOINT WARNING * * *
You hit the gnoll. Your bite misses the gnoll.
The gnoll is heavily wounded.
The gnoll hits you but does no damage.
You punch the gnoll!
You kill the gnoll!
You hit the gnoll.
The gnoll is lightly wounded.
The gnoll hits you with a +0 whip.
* * * LOW HITPOINT WARNING * * *
You hit the gnoll.
The gnoll is moderately wounded.
The gnoll hits you with a +0 whip.
* * * LOW HITPOINT WARNING * * *
You hit the gnoll.
The gnoll is almost dead.
The gnoll hits you with a +0 whip.
You die...

##.....####...
#....†).......
#.....# ##(..##
###########..# #.#
.............# #.#
#######.####.#
#.### #.# #g# .....
#.# #h##.# #.##.
#########.####.##.#
#.##.
#..............##.#
#.# #.##.
#.....)...#######.#
#.# #<##.
#..######.# #.# #.#
#.##. #.# #.# #.#
#.... ##.## #.# #.#
####. #.∩.##
##.###.# #. #....#
##...##.########)


You could see a gnoll.

Vanquished Creatures
  2 gnolls (D:3)
  An adder (D:2)
  A worm (D:2)
  A dart slug (D:2)
  An orc (D:3)
  4 bats
  4 endoplasms (D:1)
  3 giant cockroaches (D:1)
  6 goblins
  7 hobgoblins
  3 jackals (D:1)
  2 quokkas (D:2)
  5 ball pythons
  3 frilled lizards
  10 kobolds
  4 rats
57 creatures vanquished.

Notes
Turn   | Place    | Note
-------+----------+-------------------------------------------
     0 | D:1      | cforsyth the Vampire Shapeshifter began the quest for the
                  | Orb.
     0 | D:1      | Reached XP level 1. HP: 16/16 MP: 1/1
   216 | D:1      | Reached XP level 2. HP: 22/22 MP: 2/2
   319 | D:1      | Found Mealyab's Assorted Antiques.
   701 | D:1      | Gained mutation: You are afflicted with vampirism and can
                  | become a bat while bloodless. [Vampire growth]
   701 | D:1      | Reached XP level 3. HP: 23/27 MP: 3/3
  1689 | D:2      | Reached XP level 4. HP: 33/34 MP: 4/4
  1812 | D:3      | Found a faded altar of an unknown god.
  1869 | D:3      | Found Kezyga's Weapon Shop.
  1916 | D:3      | Slain by a gnoll

Illustrated notes

Levels and vault maps discovered:
D:1:      minmay_arrival_glassed_features, layout_loops_corners, serial_shops,
          nicolae_lakefront_shop
D:2:      layout_basic
D:3:      minmay_roachtagon, layout_loops_ring, jmf_multi_god_temple2,
          overflow_temple_1_default, bloody_makhleb,
          shapermc_ecumenical_altar_mp_ritualfount, serial_shops, shop

Skill      XL: |  1  2  3 |
---------------+----------+-----
Fighting       | 2 |  2.5
Dodging        | 3 |  3.2
Unarmed Combat | 3 |  3.2
Shapeshifting  | |  3.8

Action                     |  1- 3 |  4- 6 || total
---------------------------+-------+-------++-------
  Melee: Unarmed           |   118 |    24 ||   142
         Bite              |    11 |     4 ||    15
         Punch             |     1 |     1 ||     2
   Stab: Sleeping          |     4 |       ||     4
 Armour: Animal skin       |    16 |     2 ||    18
  Dodge: Dodged            |    59 |     9 ||    68

Table legend: (Time is in decaauts)
 A = Elapsed time spent in this place.
 B = Non-inter-level travel time spent in this place.
 C = Inter-level travel time spent in this place.
 D = Time resting spent in this place.
 E = Time spent auto-exploring this place.
 F = Levels seen in this place.
 G = Mean time per level.
                   A        B        C        D        E       F      G
               +--------+--------+--------+--------+--------+-----+--------+
         Total |   1907 |   1835 |     72 |      0 |   1477 |   3 |  635.7 |
       Dungeon |   1907 |   1835 |     72 |      0 |   1477 |   3 |  635.7 |
               +--------+--------+--------+--------+--------+-----+--------+

Top non-repeatable levels by time:
     D:2: 958 daAuts
     D:1: 829 daAuts
     D:3: 119 daAuts
